Hurricanes vs Sharks

Created - 16 octobre 2025 at 08:29

Goals
1 2 3 OT1 T
Hurricanes 0 1 2 1 4
Sharks 1 1 1 0 3
Shots
1 2 3 OT1 T
Hurricanes 10 13 17 2 42
Sharks 16 6 11 0 33

GoalsPenalties
1st period
1. Sharks , Alex Tuch 1 (John Carlson 1, Leon Draisaitl 2) at 0:14
Anders Lee (CAR) for Holding Stick (Minor) at 16:42
2nd period
2. Hurricanes , Zemgus Girgensons 1 (Damon Severson 1, Jimmy Vesey 1) at 10:13
3. Sharks , Ivan Barbashev 1 (William Karlsson 1) at 10:48
John Tavares (CAR) for Delaying the game (Minor) at 0:35
Anders Lee (CAR) for Hooking (Minor) at 14:06
3rd period
4. Hurricanes , Danton Heinen 1 (Anders Lee 2, Mikey Anderson 1) at 4:15 (PP)
5. Hurricanes , Tage Thompson 1 (John Tavares 4) at 10:29 (PP)
6. Sharks , Wyatt Johnston 1 (Trevor Moore 2) at 17:06
Leon Draisaitl (SJ ) for Hooking (Minor) at 2:56
Warren Foegele (SJ ) for Roughing (Minor) at 8:04
Warren Foegele (SJ ) for Slashing (Minor) at 10:25
Tage Thompson (CAR) for Interference (Minor) at 14:23
Overtime #1
7. Hurricanes , Tage Thompson 2 (Shea Theodore 2, Jimmy Vesey 2) at 0:40
No Penalty
Goalie Stats
Jordan Binnington (CAR), 30 saves from 33 shots - (0,909), W, 1-1-1, 60:40 minutes
Andrei Vasilevskiy (SJ ), 38 saves from 42 shots - (0,905), OTL, 1-1-1, 60:40 minutes
3 StarsOfficial
1 - Jimmy Vesey (CAR)
2 - Tage Thompson (CAR)
3 - Zemgus Girgensons (CAR)
Referees : Samantha Hiller and Dan O'Rourke
Linesman : Jesse Marquis and Bevan Mills
Game Note
No Game Note
Finance
Level 1 -- Attendance: 6300 (100%) -- Ticket Income $535,500
Level 2 -- Attendance: 5084 (94%) -- Ticket Income $233,864
Level 3 -- Attendance: 2594 (100%) -- Ticket Income $85,602
Level 4 -- Attendance: 3283 (80%) -- Ticket Income $62,377
Luxury Box -- Attendance: 1100 (100%) -- Ticket Income $176,000
Game was played at the HP Pavilion.
Total Attendance: 18361 (94%)
Total Ticket Income: $1,093,343
Other Income: $328,003
Total Income: $1,421,346



Team Name Goals Shots Shots Attemp Shots Blocked PIM HIT PP PK FO%
Hurricanes 44273128142 / 3 (67%)036%
Sharks 33364116210 / 4 (0%)264%

Hurricanes
Player Name POS G A P +/- PIM HIT SHT SB MP PP MP PP SHT PK MP PK SHT FO% FOT GA TA
Anders LeeLW/RW011-1412116:071:2900:000100% 100
Brock BoeserRW000-2010118:111:5301:1500% 100
Cole PerfettiC/LW/RW0000002011:000:0000:0000% 000
Damon SeversonD0110001024:111:5104:2400% 010
Danton HeinenLW/RW101-1013020:151:2914:09067% 310
Jeff PetryD000-1001015:360:0000:0000% 000
Jimmy VeseyLW022200319:520:0001:1200% 010
John TavaresC/LW011-2203116:561:5300:000100% 320
Marcus PetterssonD0000022021:500:0004:2400% 000
Mikael BacklundC000-1025120:061:2904:10024% 2110
Mikey AndersonD011-1021221:551:3103:3200% 000
Nicholas RobertsonLW/RW0000012111:000:0000:0000% 002
Noah CatesC/LW0000002113:340:0002:29033% 1201
Ryan LombergLW/RW000100607:570:0000:0000% 000
Shea TheodoreD0110000016:551:5100:0000% 000
Tage ThompsonC/LW202-1215017:511:5310:08027% 2200
Zach WhitecloudD000-1031320:131:3103:3200% 000
Zemgus GirgensonsC/LW1011003010:310:0002:290100% 300
Sharks
Player Name POS G A P +/- PIM HIT SHT SB MP PP MP PP SHT PK MP PK SHT FO% FOT GA TA
Alex TuchC/RW1010036023:144:3701:57050% 400
Andrei KuzmenkoLW/RW0001001010:390:0000:0000% 000
Colton SissonsC/RW000001109:110:0000:47080% 500
Dylan SambergD0001001113:470:0002:0000% 001
Ivan BarbashevC/LW/RW1010011111:570:0000:3800% 000
Ivan ProvorovD0001012125:585:1400:0000% 022
Jake McCabeD000-1000220:552:4201:2200% 001
John CarlsonD0112011125:185:1400:0000% 000
Leon DraisaitlC/LW/RW0111212021:044:3700:38075% 2800
Mikko RantanenC/LW/RW0001025020:274:3700:0000% 000
Parker KellyC/LW/RW000002409:110:0000:4700% 000
Trevor LewisC/LW/RW000002118:240:0000:0000% 001
Trevor MooreC/LW/RW0110001016:583:1900:00050% 400
Trevor van RiemsdykD0001021213:470:0002:0000% 001
Tyler MyersD000-1022120:552:4201:2200% 000
Warren FoegeleLW/RW0000410117:063:1900:0000% 100
William KarlssonC0111012012:460:0001:57033% 600
Wyatt JohnstonC/LW/RW1010012016:583:1900:00061% 1810

Hurricanes

5 vs 5 Forward
Line #Left WingCenterRight WingPHYDFOFWanted %Time %Time Play
1John TavaresTage ThompsonBrock Boeser0233533%16:10
2Anders LeeMikael BacklundDanton Heinen0233328%13:35
3Cole PerfettiNoah CatesNicholas Robertson0232223%11:00
4Jimmy VeseyZemgus GirgensonsRyan Lomberg1311016%7:57
5 vs 5 Defense
Line #DefenseDefensePHYDFOFWanted %Time %Time Play
1Marcus PetterssonDamon Severson1313334%16:39
2Mikey AndersonJeff Petry1313335%16:52
3Shea TheodoreZach Whitecloud1312930%14:24
4Marcus PetterssonDamon Severson13152%0:47
Power Play Forward
Line #Left WingCenterRight WingPHYDFOFWanted %Time %Time Play
1Tage ThompsonJohn TavaresBrock Boeser0146056%1:53
2Anders LeeMikael BacklundDanton Heinen1224044%1:29
Power Play Defense
Line #DefenseDefensePHYDFOFWanted %Time %Time Play
1Shea TheodoreDamon Severson1226055%1:51
2Mikey AndersonZach Whitecloud1224045%1:31
Penalty Kill 4 Players Forward
Line #CenterWingPHYDFOFWanted %Time %Time Play
1Mikael BacklundDanton Heinen0416069%5:27
2Noah CatesZemgus Girgensons0414031%2:29
Penalty Kill 4 Players Defense
Line #DefenseDefensePHYDFOFWanted %Time %Time Play
1Marcus PetterssonDamon Severson1315555%4:24
2Mikey AndersonZach Whitecloud1314545%3:32
Penalty Kill 3 Players
Line #WingPHYDFOFWanted %Time %Time PlayDefenseDefensePHYDFOFWanted %Time %Time Play
1Mikael Backlund041500%0:00 Marcus PetterssonDamon Severson122500%0:00
2Noah Cates041500%0:00 Mikey AndersonZach Whitecloud122500%0:00
4 vs 4 Forward
Line #CenterWingPHYDFOFWanted %Time %Time Play
1Tage ThompsonBrock Boeser122600%0:00
2John TavaresAnders Lee122400%0:00
4 vs 4 Defense
Line #DefensePHYDFOFWanted %Time %Time Play
1Mikey AndersonDamon Severson122600%0:00
2Shea TheodoreMarcus Pettersson122400%0:00
Last Minutes Offensive
Left WingCenterRight WingDefenseDefense
Tage ThompsonJohn TavaresBrock BoeserShea TheodoreDamon Severson
Last Minutes Defensive
Left WingCenterRight WingDefenseDefense
Noah CatesMikael BacklundDanton HeinenMarcus PetterssonMikey Anderson
Time
Total ForwardTotal DefenseLast Minutes OffensiveLast Minutes Defensive
60:00 60:00 0:000:00
Extra Forwards
Normal PowerPlayPenalty Kill
Tage Thompson, Anders Lee, Brock BoeserTage Thompson, Anders LeeBrock Boeser
Extra Defensemen
Normal PowerPlayPenalty Kill
Damon Severson, Shea Theodore, Mikey AndersonMarcus Pettersson, Jeff PetryMarcus Pettersson
Penalty Shots
Brock Boeser, Tage Thompson, John Tavares, Anders Lee, Mikael Backlund
Goalie
Jordan Binnington, Daniil Tarasov
Scratches
Troy Stecher (Healthy)

Sharks

5 vs 5 Forward
Line #Left WingCenterRight WingPHYDFOFWanted %Time %Time Play
1Mikko RantanenLeon DraisaitlAlex Tuch0143533%16:00
2Trevor MooreWyatt JohnstonWarren Foegele1223028%13:39
3Ivan BarbashevWilliam KarlssonAndrei Kuzmenko1312022%10:39
4Trevor LewisColton SissonsParker Kelly2211517%8:24
5 vs 5 Defense
Line #DefenseDefensePHYDFOFWanted %Time %Time Play
1Ivan ProvorovJohn Carlson0324042%20:14
2Jake McCabeTyler Myers1313535%16:51
3Dylan SambergTrevor van Riemsdyk1402524%11:37
4John CarlsonIvan Provorov13100%0:00
Power Play Forward
Line #Left WingCenterRight WingPHYDFOFWanted %Time %Time Play
1Mikko RantanenLeon DraisaitlAlex Tuch0146058%4:37
2Trevor MooreWyatt JohnstonWarren Foegele0144042%3:19
Power Play Defense
Line #DefenseDefensePHYDFOFWanted %Time %Time Play
1John CarlsonIvan Provorov0146066%5:14
2Tyler MyersJake McCabe0144034%2:42
Penalty Kill 4 Players Forward
Line #CenterWingPHYDFOFWanted %Time %Time Play
1William KarlssonAlex Tuch1406077%2:35
2Colton SissonsParker Kelly1404023%0:47
Penalty Kill 4 Players Defense
Line #DefenseDefensePHYDFOFWanted %Time %Time Play
1Dylan SambergTrevor van Riemsdyk1316059%2:00
2Tyler MyersJake McCabe1314041%1:22
Penalty Kill 3 Players
Line #WingPHYDFOFWanted %Time %Time PlayDefenseDefensePHYDFOFWanted %Time %Time Play
1Colton Sissons050600%0:00 John CarlsonIvan Provorov050600%0:00
2Parker Kelly050400%0:00 Tyler MyersJake McCabe050400%0:00
4 vs 4 Forward
Line #CenterWingPHYDFOFWanted %Time %Time Play
1Leon DraisaitlMikko Rantanen023600%0:00
2Wyatt JohnstonAlex Tuch023400%0:00
4 vs 4 Defense
Line #DefensePHYDFOFWanted %Time %Time Play
1Ivan ProvorovJohn Carlson032600%0:00
2Jake McCabeTyler Myers131400%0:00
Last Minutes Offensive
Left WingCenterRight WingDefenseDefense
Mikko RantanenLeon DraisaitlAlex TuchJohn CarlsonIvan Provorov
Last Minutes Defensive
Left WingCenterRight WingDefenseDefense
Wyatt JohnstonLeon DraisaitlAlex TuchJohn CarlsonIvan Provorov
Time
Total ForwardTotal DefenseLast Minutes OffensiveLast Minutes Defensive
60:00 60:00 0:000:00
Extra Forwards
Normal PowerPlayPenalty Kill
Leon Draisaitl, Trevor Moore, Warren FoegeleMikko Rantanen, Trevor MooreWarren Foegele
Extra Defensemen
Normal PowerPlayPenalty Kill
Jake McCabe, Trevor van Riemsdyk, Dylan SambergJake McCabe, Jake McCabeTrevor van Riemsdyk
Penalty Shots
Leon Draisaitl, Mikko Rantanen, Alex Tuch, Wyatt Johnston, Ivan Barbashev
Goalie
Andrei Vasilevskiy, Dan Vladar
Scratches
Shane Pinto (Bruised Left Arm Injury)


Play-by-Play

1st period


0:01 of 1st period - Leon Draisaitl wins face-off versus Tage Thompson in neutral zone.
0:06 of 1st period - Snap shot by Alex Tuch.
0:06 of 1st period - Stopped by Jordan Binnington without a rebound.
0:07 of 1st period - Leon Draisaitl wins face-off versus Tage Thompson in Hurricanes zone.
0:10 of 1st period - Snap shot by Leon Draisaitl.
0:10 of 1st period - Shot Misses the Net.
0:12 of 1st period - Slapshot by John Carlson.
0:12 of 1st period - Stopped by Jordan Binnington with a rebound.
0:14 of 1st period - Wrist shot by Alex Tuch.
0:14 of 1st period - Goal by Alex Tuch - Hurricanes : 0 - Sharks : 1.
0:15 of 1st period - Trevor Moore wins face-off versus Mikael Backlund in neutral zone.
0:18 of 1st period - Mikey Anderson is hit by Tyler Myers and loses puck.
1:32 of 1st period - Wrist shot by Anders Lee.
1:32 of 1st period - Shot Blocked by Trevor Lewis.
1:50 of 1st period - Slapshot by Colton Sissons.
1:50 of 1st period - Deflect By Marcus Pettersson.
1:50 of 1st period - Stopped by Jordan Binnington with a rebound.
1:52 of 1st period - Slapshot by Ivan Provorov.
1:52 of 1st period - Stopped by Jordan Binnington without a rebound.
1:53 of 1st period - Tage Thompson wins face-off versus Leon Draisaitl in Hurricanes zone.
2:24 of 1st period - Slapshot by Mikko Rantanen.
2:24 of 1st period - Stopped by Jordan Binnington without a rebound.
2:25 of 1st period - Wyatt Johnston wins face-off versus Noah Cates in Hurricanes zone.
4:27 of 1st period - Slapshot by Anders Lee.
4:27 of 1st period - Shot Misses the Net.
4:30 of 1st period - Icing by Ivan Provorov.
4:31 of 1st period - William Karlsson wins face-off versus Tage Thompson in Sharks zone.
5:10 of 1st period - Wrist shot by John Tavares.
5:10 of 1st period - Stopped by Andrei Vasilevskiy without a rebound.
5:11 of 1st period - Leon Draisaitl wins face-off versus Mikael Backlund in Sharks zone.
5:28 of 1st period - Snap shot by Alex Tuch.
5:28 of 1st period - Stopped by Jordan Binnington without a rebound.
5:29 of 1st period - Noah Cates wins face-off versus Wyatt Johnston in Hurricanes zone.
5:55 of 1st period - Marcus Pettersson is hit by Mikko Rantanen and loses puck.
6:02 of 1st period - Slapshot by Leon Draisaitl.
6:02 of 1st period - Stopped by Jordan Binnington with a rebound.
6:24 of 1st period - Wrist shot by Tage Thompson.
6:24 of 1st period - Stopped by Andrei Vasilevskiy with a rebound.
7:19 of 1st period - Noah Cates is hit by Alex Tuch and loses puck.
7:58 of 1st period - Snap shot by John Tavares.
7:58 of 1st period - Stopped by Andrei Vasilevskiy without a rebound.
7:59 of 1st period - Leon Draisaitl wins face-off versus Mikael Backlund in Sharks zone.
8:01 of 1st period - Icing by Mikko Rantanen.
8:02 of 1st period - Leon Draisaitl wins face-off versus Mikael Backlund in Sharks zone.
8:11 of 1st period - Slapshot by Anders Lee.
8:11 of 1st period - Shot Misses the Net.
8:13 of 1st period - Slapshot by Jeff Petry.
8:13 of 1st period - Deflect By Anders Lee.
8:13 of 1st period - Shot Misses the Net.
8:13 of 1st period - Puck is out of play.
8:14 of 1st period - Wyatt Johnston wins face-off versus Brock Boeser in Sharks zone.
8:16 of 1st period - Icing by Trevor Moore.
8:17 of 1st period - Wyatt Johnston wins face-off versus Tage Thompson in Sharks zone.
8:30 of 1st period - Snap shot by Trevor Moore.
8:30 of 1st period - Shot Blocked by Mikey Anderson.
8:52 of 1st period - Wrist shot by Alex Tuch.
8:52 of 1st period - Shot Blocked by Mikael Backlund.
8:55 of 1st period - Icing by Mikael Backlund.
8:56 of 1st period - Mikael Backlund wins face-off versus Wyatt Johnston in Hurricanes zone.
9:07 of 1st period - Snap shot by Wyatt Johnston.
9:07 of 1st period - Stopped by Jordan Binnington with a rebound.
9:13 of 1st period - Snap shot by Anders Lee.
9:13 of 1st period - Stopped by Andrei Vasilevskiy with a rebound.
9:15 of 1st period - Slapshot by Mikey Anderson.
9:15 of 1st period - Shot Blocked by Warren Foegele.
9:17 of 1st period - Wrist shot by Mikael Backlund.
9:17 of 1st period - Stopped by Andrei Vasilevskiy with a rebound.
9:19 of 1st period - Snap shot by Anders Lee.
9:19 of 1st period - Shot Misses the Net.
9:21 of 1st period - Snap shot by Mikey Anderson.
9:21 of 1st period - Shot Misses the Net.
9:23 of 1st period - Wrist shot by Mikael Backlund.
9:23 of 1st period - Stopped by Andrei Vasilevskiy without a rebound.
9:24 of 1st period - Leon Draisaitl wins face-off versus Tage Thompson in Sharks zone.
9:31 of 1st period - Wrist shot by Mikko Rantanen.
9:31 of 1st period - Stopped by Jordan Binnington without a rebound.
9:32 of 1st period - Tage Thompson wins face-off versus Alex Tuch in Hurricanes zone.
9:55 of 1st period - Snap shot by Mikko Rantanen.
9:55 of 1st period - Shot Misses the Net.
9:57 of 1st period - Snap shot by Leon Draisaitl.
9:57 of 1st period - Shot Misses the Net.
9:59 of 1st period - Snap shot by Mikko Rantanen.
9:59 of 1st period - Stopped by Jordan Binnington with a rebound.
10:01 of 1st period - Snap shot by Mikko Rantanen.
10:01 of 1st period - Deflect By Alex Tuch.
10:01 of 1st period - Stopped by Jordan Binnington without a rebound.
10:02 of 1st period - Wyatt Johnston wins face-off versus Noah Cates in Hurricanes zone.
10:07 of 1st period - Wrist shot by Wyatt Johnston.
10:07 of 1st period - Shot Blocked by Nicholas Robertson.
10:09 of 1st period - Slapshot by Ivan Provorov.
10:09 of 1st period - Stopped by Jordan Binnington with a rebound.
10:17 of 1st period - Snap shot by Wyatt Johnston.
10:17 of 1st period - Shot Misses the Net.
10:29 of 1st period - Ivan Provorov is hit by Danton Heinen and loses puck.
11:12 of 1st period - Marcus Pettersson is hit by Trevor Lewis and loses puck.
11:33 of 1st period - Snap shot by Nicholas Robertson.
11:33 of 1st period - Stopped by Andrei Vasilevskiy without a rebound.
11:34 of 1st period - Noah Cates wins face-off versus Wyatt Johnston in Sharks zone.
11:35 of 1st period - Snap shot by Cole Perfetti.
11:35 of 1st period - Shot Misses the Net.
12:27 of 1st period - Trevor Lewis is hit by Anders Lee and loses puck.
12:48 of 1st period - Wrist shot by Zemgus Girgensons.
12:48 of 1st period - Stopped by Andrei Vasilevskiy without a rebound.
12:49 of 1st period - Zemgus Girgensons wins face-off versus Leon Draisaitl in Sharks zone.
12:50 of 1st period - Slapshot by Jimmy Vesey.
12:50 of 1st period - Stopped by Andrei Vasilevskiy with a rebound.
12:52 of 1st period - Slapshot by Shea Theodore.
12:52 of 1st period - Shot Misses the Net.
13:20 of 1st period - Snap shot by Marcus Pettersson.
13:20 of 1st period - Shot Misses the Net.
13:22 of 1st period - Slapshot by Marcus Pettersson.
13:22 of 1st period - Stopped by Andrei Vasilevskiy with a rebound.
13:45 of 1st period - Off-side.
13:46 of 1st period - Wyatt Johnston wins face-off versus Tage Thompson in neutral zone.
14:23 of 1st period - Snap shot by Mikael Backlund.
14:23 of 1st period - Shot Misses the Net.
14:25 of 1st period - Slapshot by Zach Whitecloud.
14:25 of 1st period - Shot Blocked by Tyler Myers.
14:41 of 1st period - Snap shot by Parker Kelly.
14:41 of 1st period - Stopped by Jordan Binnington without a rebound.
14:42 of 1st period - Trevor Moore wins face-off versus Noah Cates in Hurricanes zone.
15:19 of 1st period - Leon Draisaitl is hit by Marcus Pettersson and loses puck.
15:44 of 1st period - Wrist shot by William Karlsson.
15:44 of 1st period - Shot Misses the Net.
16:25 of 1st period - Icing by Trevor Moore.
16:26 of 1st period - Mikael Backlund wins face-off versus Wyatt Johnston in Sharks zone.
16:42 of 1st period - Minor Penalty to Anders Lee for Holding Stick.
16:43 of 1st period - Leon Draisaitl wins face-off versus Mikael Backlund in Hurricanes zone.
17:12 of 1st period - Off-side.
17:13 of 1st period - Danton Heinen wins face-off versus Trevor Moore in neutral zone.
17:38 of 1st period - Zemgus Girgensons is hit by Leon Draisaitl and loses puck.
17:55 of 1st period - Mikael Backlund is hit by Wyatt Johnston.
18:16 of 1st period - Icing by Leon Draisaitl.
18:17 of 1st period - Leon Draisaitl wins face-off versus Noah Cates in Sharks zone.
18:42 of 1st period - Penalty to Anders Lee is over, Anders Lee is back on ice.
18:45 of 1st period - Snap shot by Alex Tuch.
18:45 of 1st period - Stopped by Jordan Binnington with a rebound.
18:55 of 1st period - Wrist shot by Leon Draisaitl.
18:55 of 1st period - Shot Misses the Net.
19:13 of 1st period - Wrist shot by Anders Lee.
19:13 of 1st period - Shot Blocked by John Carlson.
19:19 of 1st period - Slapshot by Anders Lee.
19:19 of 1st period - Shot Misses the Net.
19:33 of 1st period - Snap shot by Leon Draisaitl.
19:33 of 1st period - Shot Blocked by Anders Lee.
19:35 of 1st period - Wrist shot by Ivan Provorov.
19:35 of 1st period - Shot Misses the Net.
19:37 of 1st period - Slapshot by Ivan Provorov.
19:37 of 1st period - Deflect By Mikko Rantanen.
19:37 of 1st period - Stopped by Jordan Binnington without a rebound.
19:38 of 1st period - Wyatt Johnston wins face-off versus Noah Cates in Hurricanes zone.
Goals for this period are 0 for Hurricanes vs 1 for Sharks.
Shots for this period are 10 for Hurricanes vs 16 for Sharks.

2nd period


0:01 of 2nd period - Wyatt Johnston wins face-off versus Mikael Backlund in neutral zone.
0:04 of 2nd period - Mikael Backlund is hit by Warren Foegele.
0:35 of 2nd period - Minor Penalty to John Tavares for Delaying the game.
0:36 of 2nd period - Leon Draisaitl wins face-off versus Mikael Backlund in Hurricanes zone.
1:35 of 2nd period - Noah Cates is hit by Alex Tuch and loses puck.
2:29 of 2nd period - Zemgus Girgensons is hit by Alex Tuch and loses puck.
2:35 of 2nd period - Penalty to John Tavares is over, John Tavares is back on ice.
3:04 of 2nd period - Shea Theodore is hit by Parker Kelly and loses puck.
3:10 of 2nd period - Off-side.
3:11 of 2nd period - Colton Sissons wins face-off versus Noah Cates in neutral zone.
3:14 of 2nd period - Slapshot by John Carlson.
3:14 of 2nd period - Shot Blocked by Noah Cates.
3:30 of 2nd period - Snap shot by Parker Kelly.
3:30 of 2nd period - Deflect By Nicholas Robertson.
3:30 of 2nd period - Stopped by Jordan Binnington without a rebound.
3:31 of 2nd period - Mikael Backlund wins face-off versus Wyatt Johnston in Hurricanes zone.
3:43 of 2nd period - Slapshot by Anders Lee.
3:43 of 2nd period - Stopped by Andrei Vasilevskiy with a rebound.
3:45 of 2nd period - Wrist shot by Anders Lee.
3:45 of 2nd period - Deflect By Danton Heinen.
3:45 of 2nd period - Stopped by Andrei Vasilevskiy without a rebound.
3:46 of 2nd period - Leon Draisaitl wins face-off versus Tage Thompson in Sharks zone.
5:11 of 2nd period - Wrist shot by Marcus Pettersson.
5:11 of 2nd period - Stopped by Andrei Vasilevskiy with a rebound.
5:13 of 2nd period - Slapshot by Damon Severson.
5:13 of 2nd period - Deflect By Ryan Lomberg.
5:13 of 2nd period - Deflect By John Carlson.
5:13 of 2nd period - Stopped by Andrei Vasilevskiy without a rebound.
5:14 of 2nd period - Mikael Backlund wins face-off versus Leon Draisaitl in Sharks zone.
5:23 of 2nd period - Snap shot by Mikael Backlund.
5:23 of 2nd period - Stopped by Andrei Vasilevskiy with a rebound.
5:25 of 2nd period - Wrist shot by Mikey Anderson.
5:25 of 2nd period - Stopped by Andrei Vasilevskiy with a rebound.
5:27 of 2nd period - Backhand shot by Jeff Petry.
5:27 of 2nd period - Stopped by Andrei Vasilevskiy without a rebound.
5:28 of 2nd period - Leon Draisaitl wins face-off versus Mikael Backlund in Sharks zone.
5:59 of 2nd period - Slapshot by Ivan Barbashev.
5:59 of 2nd period - Shot Blocked by John Tavares.
7:37 of 2nd period - Wrist shot by Noah Cates.
7:37 of 2nd period - Shot Misses the Net.
8:05 of 2nd period - Wrist shot by Leon Draisaitl.
8:05 of 2nd period - Stopped by Jordan Binnington with a rebound.
8:07 of 2nd period - Snap shot by Leon Draisaitl.
8:07 of 2nd period - Deflect By Alex Tuch.
8:07 of 2nd period - Shot Blocked by Jimmy Vesey.
8:07 of 2nd period - Puck is out of play.
8:08 of 2nd period - Leon Draisaitl wins face-off versus Mikael Backlund in Hurricanes zone.
8:25 of 2nd period - Wrist shot by Anders Lee.
8:25 of 2nd period - Shot Blocked by Dylan Samberg.
8:59 of 2nd period - Damon Severson is hit by Trevor van Riemsdyk.
9:05 of 2nd period - Snap shot by Ivan Barbashev.
9:05 of 2nd period - Shot Misses the Net.
9:07 of 2nd period - Slapshot by Dylan Samberg.
9:07 of 2nd period - Stopped by Jordan Binnington with a rebound.
9:09 of 2nd period - Slapshot by Trevor van Riemsdyk.
9:09 of 2nd period - Deflect By Damon Severson.
9:09 of 2nd period - Stopped by Jordan Binnington with a rebound.
10:11 of 2nd period - Slapshot by Damon Severson.
10:11 of 2nd period - Shot Blocked by Jake McCabe.
10:13 of 2nd period - Wrist shot by Zemgus Girgensons.
10:13 of 2nd period - Goal by Zemgus Girgensons - Hurricanes : 1 - Sharks : 1.
10:14 of 2nd period - Leon Draisaitl wins face-off versus Mikael Backlund in neutral zone.
10:48 of 2nd period - Snap shot by Ivan Barbashev.
10:48 of 2nd period - Goal by Ivan Barbashev - Hurricanes : 1 - Sharks : 2.
10:49 of 2nd period - Anders Lee wins face-off versus Leon Draisaitl in neutral zone.
10:52 of 2nd period - Wrist shot by Danton Heinen.
10:52 of 2nd period - Stopped by Andrei Vasilevskiy with a rebound.
12:00 of 2nd period - Backhand shot by Parker Kelly.
12:00 of 2nd period - Stopped by Jordan Binnington with a rebound.
13:00 of 2nd period - Slapshot by Noah Cates.
13:00 of 2nd period - Stopped by Andrei Vasilevskiy with a rebound.
13:02 of 2nd period - Wrist shot by Nicholas Robertson.
13:02 of 2nd period - Stopped by Andrei Vasilevskiy with a rebound.
13:04 of 2nd period - Wrist shot by Cole Perfetti.
13:04 of 2nd period - Shot Misses the Net.
13:06 of 2nd period - Snap shot by Noah Cates.
13:06 of 2nd period - Shot Blocked by Trevor van Riemsdyk.
13:08 of 2nd period - Snap shot by Zach Whitecloud.
13:08 of 2nd period - Stopped by Andrei Vasilevskiy with a rebound.
13:10 of 2nd period - Snap shot by Cole Perfetti.
13:10 of 2nd period - Stopped by Andrei Vasilevskiy with a rebound.
13:12 of 2nd period - Snap shot by Nicholas Robertson.
13:12 of 2nd period - Shot Blocked by Ivan Barbashev.
14:06 of 2nd period - Minor Penalty to Anders Lee for Hooking.
14:07 of 2nd period - Alex Tuch wins face-off versus Mikael Backlund in Hurricanes zone.
15:19 of 2nd period - Noah Cates is hit by Mikko Rantanen and loses puck.
15:41 of 2nd period - Trevor Moore is hit by Mikey Anderson and loses puck.
16:01 of 2nd period - Icing by Ivan Provorov.
16:02 of 2nd period - Leon Draisaitl wins face-off versus Noah Cates in Sharks zone.
16:06 of 2nd period - Penalty to Anders Lee is over, Anders Lee is back on ice.
17:06 of 2nd period - Dylan Samberg is hit by Zach Whitecloud and loses puck.
17:45 of 2nd period - Slapshot by Tage Thompson.
17:45 of 2nd period - Deflect By Brock Boeser.
17:45 of 2nd period - Shot Blocked by Ivan Provorov.
17:45 of 2nd period - Puck is out of play.
17:46 of 2nd period - Leon Draisaitl wins face-off versus Mikael Backlund in Sharks zone.
17:51 of 2nd period - Mikko Rantanen is hit by Mikael Backlund and loses puck.
18:12 of 2nd period - Trevor Moore is hit by Marcus Pettersson and loses puck.
18:19 of 2nd period - John Tavares is hit by John Carlson and loses puck.
18:38 of 2nd period - Snap shot by Nicholas Robertson.
18:38 of 2nd period - Shot Misses the Net.
18:46 of 2nd period - Slapshot by Noah Cates.
18:46 of 2nd period - Deflect By Cole Perfetti.
18:46 of 2nd period - Shot Misses the Net.
18:46 of 2nd period - Puck is out of play.
18:47 of 2nd period - Leon Draisaitl wins face-off versus Danton Heinen in Sharks zone.
18:47 of 2nd period - Leon Draisaitl is hit by Mikey Anderson.
19:37 of 2nd period - Wrist shot by Tyler Myers.
19:37 of 2nd period - Shot Misses the Net.
19:39 of 2nd period - Slapshot by Jake McCabe.
19:39 of 2nd period - Shot Misses the Net.
19:41 of 2nd period - Slapshot by Jake McCabe.
19:41 of 2nd period - Shot Blocked by Zach Whitecloud.
19:43 of 2nd period - Snap shot by Ivan Barbashev.
19:43 of 2nd period - Deflect By William Karlsson.
19:43 of 2nd period - Shot Misses the Net.
19:43 of 2nd period - Puck is out of play.
19:44 of 2nd period - Tage Thompson wins face-off versus Leon Draisaitl in Hurricanes zone.
19:59 of 2nd period - Snap shot by Brock Boeser.
19:59 of 2nd period - Shot Misses the Net.
Goals for this period are 1 for Hurricanes vs 1 for Sharks.
Shots for this period are 13 for Hurricanes vs 6 for Sharks.

3rd period


0:01 of 3rd period - Leon Draisaitl wins face-off versus Tage Thompson in neutral zone.
0:10 of 3rd period - Slapshot by Mikko Rantanen.
0:10 of 3rd period - Stopped by Jordan Binnington with a rebound.
0:12 of 3rd period - Slapshot by Ivan Provorov.
0:12 of 3rd period - Shot Blocked by Zach Whitecloud.
0:26 of 3rd period - Warren Foegele is hit by Zach Whitecloud.
0:30 of 3rd period - Snap shot by Mikael Backlund.
0:30 of 3rd period - Stopped by Andrei Vasilevskiy with a rebound.
0:50 of 3rd period - Wrist shot by Noah Cates.
0:50 of 3rd period - Stopped by Andrei Vasilevskiy with a rebound.
0:52 of 3rd period - Slapshot by Damon Severson.
0:52 of 3rd period - Stopped by Andrei Vasilevskiy without a rebound.
0:53 of 3rd period - Leon Draisaitl wins face-off versus Tage Thompson in Sharks zone.
1:20 of 3rd period - Marcus Pettersson is hit by Tyler Myers and loses puck.
2:01 of 3rd period - Marcus Pettersson is hit by Trevor Lewis and loses puck.
2:14 of 3rd period - Ryan Lomberg is hit by Colton Sissons and loses puck.
2:32 of 3rd period - Wrist shot by Tage Thompson.
2:32 of 3rd period - Stopped by Andrei Vasilevskiy without a rebound.
2:33 of 3rd period - Leon Draisaitl wins face-off versus Mikael Backlund in Sharks zone.
2:43 of 3rd period - Zach Whitecloud is hit by Trevor van Riemsdyk and loses puck.
2:46 of 3rd period - Slapshot by Anders Lee.
2:46 of 3rd period - Shot Misses the Net.
2:48 of 3rd period - Slapshot by Shea Theodore.
2:48 of 3rd period - Shot Blocked by Trevor van Riemsdyk.
2:56 of 3rd period - Minor Penalty to Leon Draisaitl for Hooking.
2:57 of 3rd period - John Tavares wins face-off versus William Karlsson in Sharks zone.
3:37 of 3rd period - Icing by Zach Whitecloud.
3:38 of 3rd period - Colton Sissons wins face-off versus Tage Thompson in Hurricanes zone.
4:15 of 3rd period - Slapshot by Danton Heinen.
4:15 of 3rd period - Goal by Danton Heinen - Hurricanes : 2 - Sharks : 2.
4:16 of 3rd period - Leon Draisaitl wins face-off versus Tage Thompson in neutral zone.
4:31 of 3rd period - Slapshot by Leon Draisaitl.
4:31 of 3rd period - Shot Misses the Net.
4:33 of 3rd period - Slapshot by Mikko Rantanen.
4:33 of 3rd period - Deflect By Brock Boeser.
4:33 of 3rd period - Shot Blocked by Mikey Anderson.
4:33 of 3rd period - Puck is out of play.
4:34 of 3rd period - Danton Heinen wins face-off versus Trevor Moore in Hurricanes zone.
5:33 of 3rd period - Snap shot by Mikko Rantanen.
5:33 of 3rd period - Shot Misses the Net.
6:33 of 3rd period - Wrist shot by Colton Sissons.
6:33 of 3rd period - Shot Misses the Net.
6:35 of 3rd period - Slapshot by Parker Kelly.
6:35 of 3rd period - Shot Misses the Net.
6:37 of 3rd period - Slapshot by Tyler Myers.
6:37 of 3rd period - Stopped by Jordan Binnington with a rebound.
6:39 of 3rd period - Snap shot by Colton Sissons.
6:39 of 3rd period - Shot Misses the Net.
7:11 of 3rd period - Snap shot by Ryan Lomberg.
7:11 of 3rd period - Stopped by Andrei Vasilevskiy without a rebound.
7:12 of 3rd period - Zemgus Girgensons wins face-off versus Leon Draisaitl in Sharks zone.
7:37 of 3rd period - Snap shot by Ryan Lomberg.
7:37 of 3rd period - Stopped by Andrei Vasilevskiy with a rebound.
7:43 of 3rd period - Slapshot by Jimmy Vesey.
7:43 of 3rd period - Stopped by Andrei Vasilevskiy with a rebound.
7:59 of 3rd period - Snap shot by Jimmy Vesey.
7:59 of 3rd period - Stopped by Andrei Vasilevskiy without a rebound.
8:00 of 3rd period - Tage Thompson wins face-off versus Wyatt Johnston in Sharks zone.
8:01 of 3rd period - Snap shot by John Tavares.
8:01 of 3rd period - Stopped by Andrei Vasilevskiy without a rebound.
8:02 of 3rd period - Wyatt Johnston wins face-off versus Tage Thompson in Sharks zone.
8:04 of 3rd period - Minor Penalty to Warren Foegele for Roughing.
8:05 of 3rd period - John Tavares wins face-off versus William Karlsson in Sharks zone.
10:04 of 3rd period - Penalty to Warren Foegele is over, Warren Foegele is back on ice.
10:13 of 3rd period - Slapshot by Alex Tuch.
10:13 of 3rd period - Stopped by Jordan Binnington without a rebound.
10:14 of 3rd period - Noah Cates wins face-off versus Wyatt Johnston in Hurricanes zone.
10:23 of 3rd period - Snap shot by Noah Cates.
10:23 of 3rd period - Shot Misses the Net.
10:25 of 3rd period - Minor Penalty to Warren Foegele for Slashing.
10:26 of 3rd period - John Tavares wins face-off versus William Karlsson in Sharks zone.
10:29 of 3rd period - Backhand shot by Tage Thompson.
10:29 of 3rd period - Goal by Tage Thompson - Hurricanes : 3 - Sharks : 2.
10:30 of 3rd period - Wyatt Johnston wins face-off versus Mikael Backlund in neutral zone.
10:45 of 3rd period - Anders Lee is hit by Ivan Provorov and loses puck.
10:56 of 3rd period - John Carlson is hit by Brock Boeser and loses puck.
11:39 of 3rd period - Snap shot by Ryan Lomberg.
11:39 of 3rd period - Stopped by Andrei Vasilevskiy without a rebound.
11:40 of 3rd period - Zemgus Girgensons wins face-off versus Colton Sissons in Sharks zone.
11:43 of 3rd period - Wrist shot by Ryan Lomberg.
11:43 of 3rd period - Stopped by Andrei Vasilevskiy with a rebound.
11:45 of 3rd period - Slapshot by Zemgus Girgensons.
11:45 of 3rd period - Shot Misses the Net.
11:47 of 3rd period - Snap shot by Zemgus Girgensons.
11:47 of 3rd period - Stopped by Andrei Vasilevskiy with a rebound.
11:51 of 3rd period - Slapshot by Ryan Lomberg.
11:51 of 3rd period - Stopped by Andrei Vasilevskiy with a rebound.
11:53 of 3rd period - Slapshot by Mikey Anderson.
11:53 of 3rd period - Shot Misses the Net.
11:55 of 3rd period - Slapshot by Mikey Anderson.
11:55 of 3rd period - Shot Blocked by Jake McCabe.
11:57 of 3rd period - Slapshot by Jeff Petry.
11:57 of 3rd period - Deflect By Jimmy Vesey.
11:57 of 3rd period - Shot Misses the Net.
11:57 of 3rd period - Puck is out of play.
11:58 of 3rd period - Tage Thompson wins face-off versus Warren Foegele in Sharks zone.
12:09 of 3rd period - Snap shot by Trevor Moore.
12:09 of 3rd period - Shot Misses the Net.
12:25 of 3rd period - Jake McCabe is hit by Nicholas Robertson and loses puck.
12:56 of 3rd period - Wrist shot by William Karlsson.
12:56 of 3rd period - Stopped by Jordan Binnington with a rebound.
12:58 of 3rd period - Slapshot by Tyler Myers.
12:58 of 3rd period - Deflect By Mikael Backlund.
12:58 of 3rd period - Stopped by Jordan Binnington with a rebound.
13:00 of 3rd period - Snap shot by Tyler Myers.
13:00 of 3rd period - Shot Blocked by Zach Whitecloud.
13:02 of 3rd period - Snap shot by Andrei Kuzmenko.
13:02 of 3rd period - Stopped by Jordan Binnington without a rebound.
13:03 of 3rd period - Wyatt Johnston wins face-off versus Tage Thompson in Hurricanes zone.
13:12 of 3rd period - Wrist shot by Trevor Moore.
13:12 of 3rd period - Stopped by Jordan Binnington with a rebound.
13:14 of 3rd period - Slapshot by John Carlson.
13:14 of 3rd period - Shot Blocked by Brock Boeser.
13:16 of 3rd period - Snap shot by Warren Foegele.
13:16 of 3rd period - Deflect By Trevor Moore.
13:16 of 3rd period - Shot Misses the Net.
13:16 of 3rd period - Puck is out of play.
13:17 of 3rd period - Mikael Backlund wins face-off versus Leon Draisaitl in Hurricanes zone.
13:55 of 3rd period - Off-side.
13:56 of 3rd period - Noah Cates wins face-off versus William Karlsson in neutral zone.
13:59 of 3rd period - William Karlsson is hit by Zach Whitecloud and loses puck.
14:10 of 3rd period - Wrist shot by Cole Perfetti.
14:10 of 3rd period - Stopped by Andrei Vasilevskiy with a rebound.
14:23 of 3rd period - Minor Penalty to Tage Thompson for Interference.
14:24 of 3rd period - Leon Draisaitl wins face-off versus Mikael Backlund in Hurricanes zone.
16:23 of 3rd period - Penalty to Tage Thompson is over, Tage Thompson is back on ice.
16:34 of 3rd period - Tage Thompson is hit by William Karlsson and loses puck.
17:02 of 3rd period - Wrist shot by Colton Sissons.
17:02 of 3rd period - Deflect By Parker Kelly.
17:02 of 3rd period - Stopped by Jordan Binnington without a rebound.
17:03 of 3rd period - Wyatt Johnston wins face-off versus Mikael Backlund in Hurricanes zone.
17:06 of 3rd period - Snap shot by Wyatt Johnston.
17:06 of 3rd period - Goal by Wyatt Johnston - Hurricanes : 3 - Sharks : 3.
17:07 of 3rd period - William Karlsson wins face-off versus Noah Cates in neutral zone.
17:10 of 3rd period - Jeff Petry is hit by Ivan Barbashev and loses puck.
17:33 of 3rd period - John Tavares is hit by Parker Kelly and loses puck.
17:54 of 3rd period - John Carlson is hit by Mikael Backlund and loses puck.
18:03 of 3rd period - Backhand shot by Mikael Backlund.
18:03 of 3rd period - Stopped by Andrei Vasilevskiy with a rebound.
18:41 of 3rd period - Wrist shot by William Karlsson.
18:41 of 3rd period - Stopped by Jordan Binnington without a rebound.
18:42 of 3rd period - Colton Sissons wins face-off versus Tage Thompson in Hurricanes zone.
18:45 of 3rd period - Slapshot by Colton Sissons.
18:45 of 3rd period - Shot Misses the Net.
18:47 of 3rd period - Slapshot by Trevor Lewis.
18:47 of 3rd period - Stopped by Jordan Binnington without a rebound.
18:48 of 3rd period - Colton Sissons wins face-off versus Tage Thompson in Hurricanes zone.
19:35 of 3rd period - Dylan Samberg is hit by Tage Thompson and loses puck.
Goals for this period are 2 for Hurricanes vs 1 for Sharks.
Shots for this period are 17 for Hurricanes vs 11 for Sharks.

Overtime #1


0:01 of 1st overtime period - Tage Thompson wins face-off versus Alex Tuch in neutral zone.
0:06 of 1st overtime period - Wrist shot by Tage Thompson.
0:06 of 1st overtime period - Stopped by Andrei Vasilevskiy without a rebound.
0:07 of 1st overtime period - Alex Tuch wins face-off versus Tage Thompson in Sharks zone.
0:40 of 1st overtime period - Slapshot by Tage Thompson.
0:40 of 1st overtime period - Goal by Tage Thompson - Hurricanes : 4 - Sharks : 3.
Goals for this period are 1 for Hurricanes vs 0 for Sharks.
Shots for this period are 2 for Hurricanes vs 0 for Sharks.